 Dungeon Crawl Stone Soup version 0.19.5 (webtiles) character file.

6286 McKennaii the Thaumaturge (level 10, -29/51 HPs)
             Began as a Deep Elf Fire Elementalist on May 7, 2017.
             Was a Priest of Vehumet.
             Killed themself with a badly aimed fireball (31 damage)
             ... on level 9 of the Dungeon.
             The game lasted 00:34:03 (9423 turns).

McKennaii the Thaumaturge (DEFE)                    Turns: 9423, Time: 00:34:05

Health: -29/51     AC:  8    Str:  5    XL:     10   Next: 63%
Magic:  0/28       EV: 19    Int: 31    God:    Vehumet [***...]
Gold:   477        SH:  3    Dex: 15    Spells: 6 memorised, 15 levels left

rFire  . . .     SeeInvis .     k - +1 quarterstaff (crush)
rCold  . . .     Gourm    .     a - +0 robe
rNeg   + . .     Faith    .     (shield currently unavailable)
rPois  +         Spirit   .     i - +0 helmet
rElec  .         Reflect  +     B - +1 cloak
rCorr  .         Harm     .     (no gloves)
MR     +....                    g - +2 pair of boots
Stlth  +++.......               z - +3 amulet of reflection
                                H - ring "Hidoypsa" {rPois rN+ Int+7}
                                o - +5 ring of evasion

@: no status effects
A: no striking features
a: Renounce Religion


You were on level 9 of the Dungeon.
You worshipped Vehumet.
Vehumet was most pleased with you.
You were hungry.

You visited 2 branches of the dungeon, and saw 10 of its levels.
You also visited: Ossuary.

You collected 477 gold pieces.

Inventory:

Hand Weapons
 k - a +1 quarterstaff of crushing (weapon)
 N - a +4 scimitar
Armour
 a - a +0 robe (worn)
 g - a +2 pair of boots (worn)
 i - a +0 helmet (worn)
 B - a +1 cloak (worn)
Jewellery
 o - a +5 ring of evasion (left hand)
 v - an uncursed ring of protection from fire
 z - a +3 amulet of reflection (around neck)
 H - the ring "Hidoypsa" (right hand) {rPois rN+ Int+7}
   (You found it on level 5 of the Dungeon)

   [ring of poison resistance]

   It affects your intelligence (+7).
   It protects you from poison.
   It protects you from negative energy.
Wands
 s - a wand of flame (31/48)
 y - a wand of teleportation (9/9)
 G - a wand of iceblast (8/15)
 Q - a wand of polymorph (11/24)
 U - a wand of disintegration (3/24)
Scrolls
 d - 4 scrolls of magic mapping
 e - a scroll of immolation
 j - 2 scrolls of enchant armour
 l - 7 scrolls of teleportation
 p - 8 scrolls of identify
 r - 2 scrolls of recharging
 x - a scroll of enchant weapon {unknown}
 C - 2 scrolls of fear {unknown}
 E - 3 scrolls of remove curse
 P - a scroll of brand weapon {unknown}
Potions
 h - 2 potions of lignification
 m - a potion of cancellation {unknown}
 n - a potion of might {unknown}
 q - 2 potions of cure mutation
 u - 8 potions of curing
 A - 2 potions of magic
 D - a potion of heal wounds {unknown}
 F - 3 potions of brilliance
 I - a potion of haste {unknown}
 K - a potion of berserk rage {unknown}
 L - 2 potions of agility {unknown}
 S - 2 potions of resistance {unknown}
Books
 b - a book of Flames

   Spells                             Type                      Level
   a - Flame Tongue                   Conjuration/Fire             1
   b - Throw Flame                    Conjuration/Fire             2
   c - Conjure Flame                  Conjuration/Fire             3
   d - Inner Flame                    Hexes/Fire                   3
   e - Sticky Flame                   Conjuration/Fire             4
   f - Fireball                       Conjuration/Fire             5
 J - a book of Geomancy

   Spells                             Type                      Level
   a - Sandblast                      Earth                        1
   b - Passwall                       Transmutation/Earth          2
   c - Stone Arrow                    Conjuration/Earth            3
   d - Petrify                        Transmutation/Earth          4
   e - Lee's Rapid Deconstruction     Earth                        5
 M - a book of Changes

   Spells                             Type                      Level
   a - Beastly Appendage              Transmutation                1
   b - Sticks to Snakes               Transmutation                2
   c - Spider Form                    Transmutation/Poison         3
   d - Ice Form                       Ice/Transmutation            4
   e - Blade Hands                    Transmutation                5
 O - a book of Cantrips

   Spells                             Type                      Level
   a - Confusing Touch                Hexes                        1
   b - Animate Skeleton               Necromancy                   1
   c - Summon Small Mammal            Summoning                    1
   d - Apportation                    Translocation                1
Comestibles
 c - 5 bread rations
 f - 4 beef jerkies
 t - 2 slices of pizza
 w - 6 meat rations
 R - a royal jelly


   Skills:
 + Level 0.8 Fighting
 + Level 2.5 Long Blades
 + Level 4.4 Dodging
 + Level 4.7 Stealth
 + Level 12.0 Spellcasting
 + Level 9.5 Conjurations
 + Level 9.8 Fire Magic
 + Level 0.9 Earth Magic


You had 15 spell levels left.
You knew the following spells:

 Your Spells              Type           Power        Failure   Level  Hunger
a - Flame Tongue          Conj/Fire      #####        1%          1    None
b - Throw Flame           Conj/Fire      ######       1%          2    None
c - Conjure Flame         Conj/Fire      ######..     1%          3    None
d - Stone Arrow           Conj/Erth      ######       1%          3    None
e - Iskenderun's Mystic   Conj           ######..     1%          4    None
f - Fireball              Conj/Fire      ######....   1%          5    ##.....


Dungeon Overview and Level Annotations

Branches:
Dungeon (9/15)             Temple (1/1) D:6
   Lair: D:8-11         Orc: D:9-12

Altars:
Ashenzari
Cheibriados
Dithmenos
Elyvilon
Fedhas
Gozag
Hepliaklqana
Kikubaaqudgha
Makhleb
Nemelex Xobeh
Okawaru
Qazlal
Ru
Sif Muna
Trog
Uskayaw
Vehumet
Xom
Yredelemnul
Zin
The Shining One

Shops:
D:4 (


Message History

You see a ghostly outline there, and the spell fizzles.
Something hits you!
* * * LOW HITPOINT WARNING * * *
Something barely misses you.
The kobold throws a stone.
The stone closely misses you.
A kobold comes into view. It is wielding a dagger.
Okay, then.
Okay, then.
Casting: Conjure Flame
Confirm with . or Enter, or press ? or * to list all spells.
Aiming: Fireball
Press: ? - help, Shift-Dir - straight line, f - orc priest
Aim: an orc priest The fireball explodes!
The fireball engulfs something.
The fireball engulfs the kobold.
You kill the kobold!
Vehumet accepts your kill. The fireball engulfs you!
Ouch! That really hurt!
You die...

.##...####...##.....#..#
.#...(.#..........#.#.##
.#.....'..........#.#.#
.#.....#....)...(.#.#.#
##..###.....###(.#.#.#
#..# #########..#...#
..... .........(######
#..... ...............#
#.... .......)@......#
### #####+##'##'####


†oo ...KK .....KK ....P.P.. ......_.... ......P.P.... You could see a big
kobold, an orc priest, an orc wizard and 3 kobolds.

Vanquished Creatures
  A hill giant (D:7)
  A cyclops (D:9)
  The ghost of Keye the Cleaver, a novice MiGl of Okawaru (D:5)
  Joseph (D:9)
  A hippogriff (D:8)
  5 yaks (D:8)
  A hungry ghost (D:9)
  Menkaure (D:4)
  Purgy (D:3)
  2 orc warriors
  5 necrophages (D:8)
  A centaur (D:5)
  4 ogres
  A crocodile (D:8)
  A bullfrog (D:8)
  A water moccasin skeleton (D:8)
  3 scorpions
  6 wights
  3 killer bees (D:7)
  6 howler monkeys
  3 crimson imps
  The ghost of McKennaii the Firebug, a weakling DEFE (D:3)
  3 centaur zombies
  3 hounds
  A bullfrog zombie (D:8)
  A jelly (D:4)
  A bullfrog skeleton (D:6)
  8 orc priests
  Crazy Yiuf (D:3)
  12 orc wizards
  Ijyb (D:3)
  2 iguanas
  Natasha (thrice) (D:2)
  7 worker ants
  A mummy (D:7)
  A hound skeleton (D:7)
  Robin (D:2)
  4 adders
  A white imp (D:8)
  An ooze (D:4)
  3 adder zombies (Ossuary)
  A worm (D:2)
  3 dart slugs
  6 leopard geckos
  38 orcs
  5 ball pythons
  12 giant cockroaches
  10 hobgoblins
  14 jackals
  3 quokkas
  11 bats
  6 frilled lizards
  17 goblins
  3 goblin zombies
  9 hobgoblin zombies (Ossuary)
  A jackal zombie (Ossuary)
  9 kobolds
  6 kobold zombies (Ossuary)
  A leopard gecko skeleton (D:8)
  9 orc zombies
  A quokka skeleton (D:4)
  8 rats
278 creatures vanquished.

Notes
Turn   | Place    | Note
-------+----------+-------------------------------------------
     0 | D:1      | McKennaii the Deep Elf Fire Elementalist began the quest for the Orb.
     0 | D:1      | Reached XP level 1. HP: 10/10 MP: 6/6
   166 | D:1      | Reached XP level 2. HP: 15/15 MP: 4/8
   864 | D:2      | Reached XP level 3. HP: 19/19 MP: 7/9
   884 | D:2      | Noticed Robin
   960 | D:2      | Noticed Natasha
  1059 | D:2      | Found a sparkling altar of Nemelex Xobeh.
  1135 | D:2      | Learned a level 2 spell: Throw Flame
  1139 | D:2      | Learned a level 3 spell: Conjure Flame
  1151 | D:2      | Killed Natasha
  1151 | D:2      | Reached XP level 4. HP: 12/24 MP: 3/11
  1247 | D:2      | Noticed Natasha
  1251 | D:2      | Killed Natasha
  1260 | D:2      | Noticed Natasha
  1351 | D:2      | Killed Natasha
  1351 | D:2      | Reached skill level 4 in Spellcasting
  1518 | D:2      | Killed Robin
  1526 | D:2      | Reached XP level 5. HP: 21/28 MP: 0/13
  2083 | D:3      | Noticed McKennaii's ghost (weakling DEFE)
  2089 | D:3      | Killed McKennaii's ghost
  2217 | D:3      | Noticed Purgy
  2233 | D:3      | Killed Purgy
  2233 | D:3      | Reached skill level 5 in Spellcasting
  2233 | D:3      | Reached skill level 5 in Fire Magic
  2233 | D:3      | Reached XP level 6. HP: 32/32 MP: 2/16
  2585 | D:3      | Noticed Ijyb
  2590 | D:3      | Killed Ijyb
  2671 | D:3      | Found a runed door.
  2681 | D:3      | Learned a level 5 spell: Fireball
  2681 | D:3      | Noticed Crazy Yiuf
  2683 | D:3      | Killed Crazy Yiuf
  2863 | D:4      | Got a faintly glowing chain mail
  2868 | D:4      | Identified the cursed +0 chain mail of Xom's Supremacy {rElec rF+++ Str-5 Int+2} (You found it on level 4 of the Dungeon)
  2889 | D:4      | Reached XP level 7. HP: 30/36 MP: 1/17
  3006 | D:4      | Reached skill level 6 in Spellcasting
  3216 | D:4      | Noticed Menkaure
  3802 | D:4      | Found Jaopryre's Antique Weapon Shoppe.
  3872 | D:5      | Entered Level 5 of the Dungeon
  3880 | D:4      | Reached skill level 5 in Conjurations
  4130 | D:5      | Got a vibrating wooden ring
  4170 | D:5      | Identified the ring "Hidoypsa" {rPois rN+ Int+7} (You found it on level 5 of the Dungeon)
  4204 | D:5      | Reached skill level 7 in Spellcasting
  4204 | D:5      | Reached XP level 8. HP: 41/41 MP: 9/20
  4221 | D:5      | Noticed Keye's ghost (novice MiGl)
  4316 | D:5      | Killed Keye's ghost
  4565 | D:5      | Found a burning altar of Makhleb.
  4567 | D:5      | Found a glowing silver altar of Zin.
  4567 | D:5      | Noticed a green death
  4567 | D:5      | Noticed an angel
  4631 | D:5      | HP: 1/41 [centaur/arrow (17)]
  4634 | D:5      | Reached skill level 8 in Spellcasting
  4866 | D:5      | Found a hide-covered altar of Uskayaw.
  5202 | D:6      | Found a staircase to the Ecumenical Temple.
  5312 | Temple   | Entered the Ecumenical Temple
  5541 | Temple   | Became a worshipper of Vehumet
  5811 | D:6      | Reached XP level 9. HP: 45/45 MP: 15/23
  6204 | D:7      | Found a stormy altar of Qazlal.
  6215 | D:7      | Reached skill level 9 in Spellcasting
  6607 | D:7      | Found a sand-covered staircase.
  6611 | Ossuary  | Entered an ossuary
  6710 | Ossuary  | Reached * piety under Vehumet
  6710 | Ossuary  | Offered knowledge of Shock by Vehumet.
  7196 | D:7      | Offered knowledge of Searing Ray by Vehumet.
  7278 | D:7      | Learned a level 3 spell: Stone Arrow
  7282 | D:7      | Reached ** piety under Vehumet
  7475 | D:7      | Noticed a hill giant
  7866 | D:4      | Killed Menkaure
  8029 | D:7      | Killed a hill giant
  8029 | D:7      | Reached skill level 1 in Long Blades
  8029 | D:7      | Reached skill level 10 in Spellcasting
  8299 | D:8      | Reached XP level 10. HP: 51/51 MP: 4/26
  8306 | D:8      | Reached skill level 11 in Spellcasting
  8356 | D:8      | Offered knowledge of Ignite Poison by Vehumet.
  8733 | D:8      | Reached *** piety under Vehumet
  8777 | D:8      | Found a snail-covered altar of Cheibriados.
  9212 | D:9      | Noticed a cyclops
  9219 | D:9      | Killed a cyclops
  9243 | D:9      | Offered knowledge of Iskenderun's Mystic Blast by Vehumet.
  9249 | D:9      | Learned a level 4 spell: Iskenderun's Mystic Blast
  9376 | D:9      | Noticed Joseph
  9379 | D:9      | Killed Joseph
  9414 | D:9      | Found a blossoming altar of Fedhas.
  9420 | D:9      | Reached skill level 12 in Spellcasting
  9422 | D:9      | HP: 2/51 [something (10)]
  9423 | D:9      | Killed themself with a badly aimed fireball

Skill      XL: |  1  2  3  4  5  6  7  8  9 10 |
---------------+-------------------------------+-----
Fire Magic     | 4 5 6 7 9 |  9.8
Stealth        | 3 4 |  4.7
Spellcasting   | 4 5 7 8 10 12 | 12.0
Conjurations   | 2 3 5 7 8 9 |  9.5
Dodging        | 3 4 |  4.4
Long Blades    | 1 2 |  2.5
Fighting       | |  0.8
Earth Magic    | |  0.9

Action                   |  1- 3 |  4- 6 |  7- 9 | 10-12 || total
-------------------------+-------+-------+-------+-------++-------
Melee: Unarmed           |     2 |       |       |       ||     2
       Scimitar          |       |       |       |    12 ||    12
 Cast: Flame Tongue      |    52 |   111 |   337 |   109 ||   609
       Throw Flame       |       |    15 |    25 |     5 ||    45
       Conjure Flame     |       |     2 |    14 |     5 ||    21
       Fireball          |       |     1 |     9 |     8 ||    18
       Stone Arrow       |       |       |     2 |     2 ||     4
  Use: Scroll            |       |     5 |     2 |    10 ||    17
  Eat: Chunk             |       |     6 |    10 |     4 ||    20
       Meat ration       |       |       |     1 |       ||     1
       Pizza             |       |       |     1 |       ||     1
Armor: Robe              |     9 |     7 |    19 |     5 ||    40
Dodge: Dodged            |    19 |    31 |    98 |    35 ||   183
Block: Other             |       |     2 |    16 |     2 ||    20
       Reflection        |       |       |     1 |       ||     1
       Rpst.: Scimitar   |       |       |     8 |     7 ||    15
